 Dungeon Crawl Stone Soup version 0.26.0-45-g9c1d065592 (webtiles) character file.

Game seed: 13707156283380846750

231 swilekon the Shield-Bearer (level 6, -1/43 HPs)
             Began as an Octopode Fighter on Feb 1, 2021.
             Killed by nerve-wracking pain
             ... invoked by a shadow imp
             ... summoned by Natasha
              (2 damage)
             ... on level 2 of the Dungeon.
             The game lasted 00:02:34 (2117 turns).

swilekon the Shield-Bearer (Octopode Fighter)       Turns: 2117, Time: 00:02:34

Health: -1/43      AC:  1    Str: 17    XL:     6   Next: 4%
Magic:  6/6        EV: 12    Int: 10    God:
Gold:   73         SH:  9    Dex: 12    Spells: 5/5 levels left

rFire    . . .     SeeInvis .   a - +0 flail
rCold    . . .     Faith    .   b - +0 kite shield
rNeg     . . .     Spirit   .   (helmet restricted)
rPois    .         Reflect  .   (no amulet)
rElec    .         Harm     .   (no ring)
rCorr    .         Rampage  .   (no ring)
Will     .....                  (no ring)
Stlth    ++........             (no ring)
HPRegen  0.14/turn              (no ring)
MPRegen  0.10/turn              (no ring)
                                (no ring)
                                (no ring)

@: no status effects
A: almost no armour, stealthy swim, amphibious, 8 rings, constrict 8, camouflage
1, gelatinous body 1
a: no special abilities


You were on level 2 of the Dungeon.
You visited 1 branch of the dungeon, and saw 2 of its levels.

You collected 73 gold pieces.

Inventory:

Hand Weapons
 a - a +0 flail (weapon)
Armour
 b - a +0 kite shield (worn)
Scrolls
 d - a scroll of enchant armour {unknown}
 e - 2 scrolls of identify {unknown}
 f - 2 scrolls of immolation {unknown}
 h - 2 scrolls of remove curse {unknown}
 i - a scroll of magic mapping {unknown}
Potions
 c - a potion of might
 g - 3 potions of curing {unknown}


   Skills:
 + Level 4.1 Fighting
 + Level 3.4 Maces & Flails
 + Level 4.1 Dodging
 + Level 4.1 Shields


You had 5 spell levels left.
You didn't know any spells.
Your spell library was empty.

Dungeon Overview and Level Annotations

Branches:
Dungeon (2/15)

Altars:

Annotations:
D:2 1 runed translucent door, Crazy Yiuf, Natasha


Innate Abilities, Weirdness & Mutations

You cannot wear most types of armour.
You are very stealthy in the water. (Stealth+)
You are amphibious.
You can wear up to eight rings at the same time.
You can use your tentacles to constrict eight enemies at once.
Your skin changes colour to match your surroundings (Stealth+).
Your rubbery body absorbs attacks. (AC +1, EV +1)


Message History

You hit something.
You hear some strange, mumbled words.
You miss something. Your squeeze misses something.
You hear some strange, mumbled words.
Something tries to affect you, but you resist.
You hit something but do no damage. Something claws you!
You block the shadow imp's attack. Something claws you.
You miss something. You block the shadow imp's attack. Something claws you.
You block the shadow imp's attack.
You miss something. You squeeze something! Something claws you.
The shadow imp hits you.
You barely miss something. Something claws you. The shadow imp hits you.
* * * LOW HITPOINT WARNING * * *
Something claws you!
* * * LOW HITPOINT WARNING * * *
Unknown command.
You miss something. The shadow imp gestures at you.
Pain shoots through your body!
You die...

#....P.♣♣♣♣.+...# #
##.....♣♣ ♣♣#..)# #
#..###♣♣ ### #.## ##.###
#....# ### ###
#.######.# #.#
###.###....# #.#
#....{@.##.## #.#
##.....5.#.#.#########.#
#.....<...#.............
#........<...#########..
#.................# #.#
#........########.# #..
#........########.# ###
#.#.#.##.......##.#
#.#.#.########.##.#


You could see a shadow imp (summoned).

Vanquished Creatures
  Sigmund (D:2)
  Natasha (D:2)
  An adder (D:2)
  A worm (D:2)
  A dart slug (D:1)
  A leopard gecko (D:1)
  5 bats
  2 giant cockroaches
  6 goblins
  A hobgoblin (D:1)
  7 jackals
  3 kobolds
  2 frilled lizards
  4 rats
36 creatures vanquished.

Notes
Turn   | Place    | Note
-------+----------+-------------------------------------------
     0 | D:1      | swilekon the Octopode Fighter began the quest for the Orb.
     0 | D:1      | Reached XP level 1. HP: 16/16 MP: 1/1
   180 | D:1      | Reached XP level 2. HP: 18/21 MP: 2/2
   846 | D:1      | Reached XP level 3. HP: 23/26 MP: 3/3
  1099 | D:2      | Noticed Sigmund
  1109 | D:2      | Killed Sigmund
  1110 | D:2      | Reached XP level 4. HP: 4/33 MP: 4/4
  1110 | D:2      | Reached XP level 5. HP: 5/37 MP: 5/5
  1442 | D:2      | Found a runed translucent door.
  1443 | D:2      | Noticed Crazy Yiuf
  1816 | D:2      | Noticed Natasha
  1824 | D:2      | Killed Natasha
  1982 | D:2      | Reached XP level 6. HP: 37/43 MP: 6/6
  2105 | D:2      | Noticed Natasha
  2116 | D:2      | HP: 1/43 [something (9)]
  2117 | D:2      | Killed from afar by a shadow imp

Illustrated notes

Levels and vault maps discovered:
D:1:      dpeg_arrival_boxes_within_box, layout_basic
D:2:      layout_loops_ring, uniq_natasha, uniq_sigmund, uniq_crazy_yiuf_cottage

Skill      XL: |  1  2  3  4  5 |
---------------+----------------+-----
Fighting       | 4 |  4.1
Maces & Flails | 3 |  3.4
Shields        | 4 |  4.1
Dodging        | 4 |  4.1

Action                   |  1- 3 |  4- 6 || total
-------------------------+-------+-------++-------
Melee: Flail             |    47 |    42 ||    89
       Constrict         |    11 |     9 ||    20
       Tentacles         |     4 |     7 ||    11
 Stab: Sleeping          |     3 |     1 ||     4
       Distracted        |     1 |       ||     1
Armor: Skin              |     3 |     3 ||     6
Dodge: Dodged            |    18 |    27 ||    45
Block: Kite shield       |    19 |    23 ||    42
